Red Wings vs Capitals
Created - 19 mars 2013 at 18:58
Goals
|
| Red Wings |
0 |
1 |
0 |
1 |
| Capitals |
1 |
0 |
2 |
3 |
|
Shots
|
| Red Wings |
12 |
5 |
7 |
24 |
| Capitals |
12 |
5 |
14 |
31 |
|
1st period
1. Capitals , Milan Michalek 8 (Sergei Gonchar) at 19:38 (PP)
Penalties :
Brian Rolston (Was) for Tripping (Minor) at 6:01, Milan Michalek (Was) for Hooking (Minor) at 14:55, Mathieu Dandenault (Det) for Hooking (Minor) at 19:06
2nd period
2. Red Wings , Brian Sutherby 6 (Donald Brashear, Lubos Bartecko) at 19:02
Penalties :
Sean Bergenheim (Det) for Hooking (Minor) at 2:33
3rd period
3. Capitals , Evgeni Malkin 32 (Corey Perry, Anton Volchenkov) at 6:39
4. Capitals , Corey Perry 22 (Evgeni Malkin, Alex Tanguay) at 9:04 (PP)
Penalties :
Christian Laflamme (Det) for Tripping (Minor) at 8:50, Milan Michalek (Was) for Roughing (Minor) at 11:57, Shea Weber (Det) for Holding (Minor) at 12:06, Kim Johnsson (Det) for Hooking (Minor) at 12:11
Goalie Stats
Mike Smith (Det), 28 saves from 31 shots - (0,903), L, 3-8-0, 60:00 minutes
Marty Turco (Was), 23 saves from 24 shots - (0,958), W, 29-12-1, 60:00 minutes
Players Stats for Red Wings
Player Name G A P +/- PIM S H SB GA TA FO MP PP MP PK MP
------------------------------------------------------------------------------------
Alexei Morozov 0 0 0 0 0 3 2 1 1 0 1/2 18:59 2:00 0:00
Brian Sutherby 1 0 1 1 0 1 1 1 0 0 2/4 12:16 0:19 0:36
Christian Backman 0 0 0 1 0 2 0 1 0 1 0/0 12:45 0:00 2:13
Christian Laflamme 0 0 0 1 2 0 0 0 0 0 0/0 12:38 0:00 1:08
Donald Brashear 0 1 1 1 0 2 2 0 2 0 0/0 12:03 0:19 0:23
Jan Bulis 0 0 0 0 0 1 4 1 0 0 10/32 19:27 2:00 0:21
Jarome Iginla 0 0 0 -1 0 0 2 0 0 0 0/2 19:12 1:48 1:46
Kim Johnsson 0 0 0 -1 2 1 0 1 0 2 0/0 26:31 2:08 1:56
Lubos Bartecko 0 1 1 1 0 1 4 1 0 0 0/0 12:01 0:19 0:00
Mathieu Dandenault 0 0 0 0 2 1 2 0 0 0 1/1 7:03 0:00 0:00
Maxim Kondratiev 0 0 0 0 0 1 1 2 0 1 0/0 22:09 1:59 2:15
Mike Richards 0 0 0 -1 0 2 2 0 0 1 2/10 17:14 1:48 0:00
Paul Martin 0 0 0 0 0 0 1 0 0 2 0/0 19:42 1:59 0:00
Peter Schaefer 0 0 0 0 0 1 1 0 0 0 0/2 7:51 0:00 0:47
Radek Bonk 0 0 0 0 0 2 2 0 0 0 3/8 10:16 0:00 3:00
Sean Bergenheim 0 0 0 -1 2 1 3 0 0 1 0/0 17:03 1:48 0:00
Shea Weber 0 0 0 -1 2 2 2 2 0 4 0/0 26:31 2:07 2:01
Simon Gagné 0 0 0 0 0 3 1 0 0 0 1/1 19:31 2:00 0:36
Players Stats for Capitals
Player Name G A P +/- PIM S H SB GA TA FO MP PP MP PK MP
------------------------------------------------------------------------------------
Ales Hemsky 0 0 0 0 0 1 1 0 0 0 0/0 6:59 0:08 0:00
Alex Tanguay 0 1 1 1 0 6 2 0 0 0 2/3 22:17 1:38 2:04
Alexei Semenov 0 0 0 0 0 0 0 0 0 0 0/0 0:22 0:00 0:00
Anton Volchenkov 0 1 1 0 0 0 2 0 0 1 0/0 23:57 1:16 0:46
Brandon Dubinsky 0 0 0 0 0 0 1 0 0 0 1/2 7:29 0:00 0:19
Brian Rafalski 0 0 0 0 0 1 1 2 1 1 0/0 25:18 1:43 1:56
Brian Rolston 0 0 0 -1 2 1 0 0 1 0 1/1 13:42 0:08 0:00
Corey Perry 1 1 2 1 0 1 0 0 2 0 0/0 18:34 1:37 1:18
Dennis Wideman 0 0 0 1 0 1 2 0 1 0 0/0 20:16 1:16 2:11
Evgeni Malkin 1 1 2 1 0 3 3 0 2 1 25/37 25:02 1:38 2:11
Jason Blake 0 0 0 -1 0 0 3 0 0 0 1/1 14:07 0:08 0:46
Keith Ballard 0 0 0 -1 0 1 0 0 1 0 0/0 19:10 0:00 1:25
Milan Michalek 1 0 1 0 4 3 2 1 0 0 0/0 18:39 1:14 0:40
Nicklas Backstrom 0 0 0 -1 0 2 1 0 0 0 3/5 13:58 0:00 0:56
Patrick Kane 0 0 0 0 0 3 2 1 1 0 1/1 17:26 1:13 0:00
Peter Regin 0 0 0 0 0 1 2 1 1 0 8/12 17:21 1:13 0:00
Sergei Gonchar 0 1 1 0 0 7 5 3 2 0 0/0 29:08 1:43 1:56
Toni Lydman 0 0 0 0 0 0 0 1 0 0 0/0 0:15 0:00 0:00
3 Stars
1 - Evgeni Malkin (Was)
2 - Corey Perry (Was)
3 - Marty Turco (Was)
Power Play
Red Wings - 0 on 3 Attempt(s) - 0,00%
Capitals - 2 on 5 Attempt(s) - 40,00%
Penalty Kill
Red Wings - 3 on 5 Attempt(s) - 60,00%
- Score 0 goal in Penalty Kill
Capitals - 3 on 3 Attempt(s) - 100,00%
- Score 0 goal in Penalty Kill
Official
Referees : O'Halloran Dan and Dwyer Gord
Linesman : Derek Nansen and Shane Heyer
Game Notes
Toni Lydman is injured at 1:02 of 1st period (Broken Ribs)
Alexei Semenov is injured at 4:55 of 1st period (Torn Left Knee Ligaments)
Finance
Level 1 -- Attendance: 4200 (70,00%) -- Ticket Income 462 000 $
Level 2 -- Attendance: 2976 (59,52%) -- Ticket Income 208 320 $
Level 3 -- Attendance: 1120 (56,00%) -- Ticket Income 50 400 $
Level 4 -- Attendance: 2036 (50,90%) -- Ticket Income 61 080 $
Luxury Box -- Attendance: 750 (75,00%) -- Ticket Income 150 000 $
Game was played at the Verizon Center
Total Attendance: 11082 (61,57%)
Total Ticket Income: 931 800 $
Total Income: 931 800 $
Red Wings
5 vs 5 Forward
Center Left Wing Right Wing Time % Phy DF OF
1 Jan Bulis Simon Gagné Alexei Morozov 40 0 2 3
2 Mike Richards Sean Bergenheim Jarome Iginla 35 0 2 3
3 Brian Sutherby Donald Brashear Lubos Bartecko 20 1 2 2
4 Radek Bonk Peter Schaefer Mathieu Dandenault 5 1 2 2
5 vs 5 Defense
Defense Defense Time % Phy DF OF
1 Kim Johnsson Shea Weber 40 0 2 3
2 Paul Martin Maxim Kondratiev 35 0 2 3
3 Christian Backman Christian Laflamme 15 0 3 2
4 Kim Johnsson Shea Weber 10 0 2 3
PowerPlay Forward
Center Left Wing Right Wing Time % Phy DF OF
1 Jan Bulis Simon Gagné Alexei Morozov 50 0 1 4
2 Mike Richards Sean Bergenheim Jarome Iginla 50 0 1 4
PowerPlay Defense
Defense Defense Time % Phy DF OF
1 Kim Johnsson Shea Weber 60 0 2 3
2 Paul Martin Maxim Kondratiev 40 0 2 3
Penalty Kill 4 Players Forward
Center Wing Time % Phy DF OF
1 Radek Bonk Jarome Iginla 60 0 3 2
2 Brian Sutherby Simon Gagné 40 0 3 2
Penalty Kill 4 Players Defense
Defense Defense Time % Phy DF OF
1 Kim Johnsson Shea Weber 60 0 3 2
2 Christian Backman Maxim Kondratiev 40 0 3 2
Penalty Kill - 3 Players Forward
Forward Time % Phy DF OF
1 Radek Bonk 60 1 3 1
2 Jan Bulis 40 1 3 1
Penalty Kill - 3 Players Defense
Defense Defense Time % Phy DF OF
1 Kim Johnsson Shea Weber 60 1 3 1
2 Christian Backman Maxim Kondratiev 40 1 3 1
4 vs 4 Forward
Center Wing Time % Phy DF OF
1 Jan Bulis Alexei Morozov 50 0 2 3
2 Mike Richards Jarome Iginla 50 0 2 3
4 vs 4 Defense
Defense Defense Time % Phy DF OF
1 Kim Johnsson Shea Weber 60 0 2 3
2 Paul Martin Maxim Kondratiev 40 0 2 3
Last Minutes Offensive
Center Left Wing Right Wing Defense Defense
Jan Bulis Simon Gagné Alexei Morozov Kim Johnsson Shea Weber
Last Minutes Defensive
Center Left Wing Right Wing Defense Defense
Radek Bonk Peter Schaefer Jarome Iginla Kim Johnsson Shea Weber
Goaltenders
Starting : Mike Smith
Backup : Jonathan Quick
Extra Forwards
Normal : Jarome Iginla, Alexei Morozov, Mike Richards - PP : Sean Bergenheim, Jarome Iginla - PK : Peter Schaefer
Extra Defensemen
Normal : Shea Weber, Kim Johnsson, Paul Martin - PP : Shea Weber - PK : Christian Backman, Maxim Kondratiev
Penalty Shots
Simon Gagné, Alexei Morozov, Jarome Iginla, Mike Richards, Peter Schaefer
Capitals
5 vs 5 Forward
Center Left Wing Right Wing Time % Phy DF OF
1 Evgeni Malkin Alex Tanguay Corey Perry 40 1 2 2
2 Peter Regin Milan Michalek Patrick Kane 30 1 2 2
3 Nicklas Backstrom Jason Blake Brian Rolston 20 1 2 2
4 Brandon Dubinsky Evgeni Malkin Ales Hemsky 10 1 2 2
5 vs 5 Defense
Defense Defense Time % Phy DF OF
1 Sergei Gonchar Brian Rafalski 40 1 2 2
2 Dennis Wideman Toni Lydman 30 1 2 2
3 Anton Volchenkov Keith Ballard 20 1 2 2
4 Alexei Semenov Sergei Gonchar 10 1 2 2
PowerPlay Forward
Center Left Wing Right Wing Time % Phy DF OF
1 Evgeni Malkin Alex Tanguay Corey Perry 60 1 2 2
2 Peter Regin Milan Michalek Patrick Kane 40 1 2 2
PowerPlay Defense
Defense Defense Time % Phy DF OF
1 Sergei Gonchar Brian Rafalski 60 1 2 2
2 Dennis Wideman Toni Lydman 40 1 2 2
Penalty Kill 4 Players Forward
Center Wing Time % Phy DF OF
1 Evgeni Malkin Alex Tanguay 60 1 2 2
2 Corey Perry Milan Michalek 40 1 2 2
Penalty Kill 4 Players Defense
Defense Defense Time % Phy DF OF
1 Sergei Gonchar Brian Rafalski 60 1 2 2
2 Dennis Wideman Toni Lydman 40 1 2 2
Penalty Kill - 3 Players Forward
Forward Time % Phy DF OF
1 Evgeni Malkin 60 1 2 2
2 Alex Tanguay 40 1 2 2
Penalty Kill - 3 Players Defense
Defense Defense Time % Phy DF OF
1 Sergei Gonchar Brian Rafalski 60 1 2 2
2 Dennis Wideman Toni Lydman 40 1 2 2
4 vs 4 Forward
Center Wing Time % Phy DF OF
1 Evgeni Malkin Alex Tanguay 60 1 2 2
2 Corey Perry Milan Michalek 40 1 2 2
4 vs 4 Defense
Defense Defense Time % Phy DF OF
1 Sergei Gonchar Brian Rafalski 60 1 2 2
2 Dennis Wideman Toni Lydman 40 1 2 2
Last Minutes Offensive
Center Left Wing Right Wing Defense Defense
Evgeni Malkin Alex Tanguay Corey Perry Sergei Gonchar Brian Rafalski
Last Minutes Defensive
Center Left Wing Right Wing Defense Defense
Evgeni Malkin Alex Tanguay Corey Perry Sergei Gonchar Brian Rafalski
Goaltenders
Starting : Marty Turco
Backup : Ty Conklin
Extra Forwards
Normal : Jason Blake, Brian Rolston, Nicklas Backstrom - PP : Jason Blake, Brian Rolston - PK : Nicklas Backstrom
Extra Defensemen
Normal : Anton Volchenkov, Keith Ballard, Alexei Semenov - PP : Anton Volchenkov - PK : Keith Ballard, Alexei Semenov
Penalty Shots
Evgeni Malkin, Alex Tanguay, Corey Perry, Milan Michalek, Patrick Kane
% Time on Ice - Red Wings
Lines # - Real PCT - Wanted PCT - Time Play
Normal Forward
1 - 34% - 40% - 17:28
2 - 30% - 35% - 15:11
3 - 22% - 20% - 11:21
4 - 14% - 5% - 7:04
Normal Defense
1 - 39% - 40% - 20:08
2 - 35% - 35% - 18:05
3 - 20% - 15% - 10:05
4 - 5% - 10% - 2:46
PP Forward
1 - 49% - 50% - 2:00
2 - 51% - 50% - 2:07
PP Defense
1 - 52% - 60% - 2:08
2 - 48% - 40% - 1:59
PK Forward
1 - 76% - 60% - 2:09
2 - 24% - 40% - 0:41
PK Defense
1 - 71% - 60% - 2:01
2 - 29% - 40% - 0:49
PK3 Forward
1 - 86% - 60% - 1:38
2 - 14% - 40% - 0:16
PK3 Defense
1 - 100% - 60% - 1:54
2 - 0% - 40% - 0:00
44 Forward
1 - 100% - 50% - 0:05
2 - 0% - 50% - 0:00
44 Defense
1 - 100% - 60% - 0:05
2 - 0% - 40% - 0:00
Last Minute Offensive - 0:00
Last Minute Defensive - 0:00
Total
Forward - 60:00
Defense - 60:00
|
% Time on Ice - Capitals
Lines # - Real PCT - Wanted PCT - Time Play
Normal Forward
1 - 34% - 40% - 17:22
2 - 32% - 30% - 16:12
3 - 22% - 20% - 11:29
4 - 12% - 10% - 6:01
Normal Defense
1 - 34% - 40% - 17:13
2 - 32% - 30% - 16:15
3 - 17% - 20% - 8:52
4 - 17% - 10% - 8:44
PP Forward
1 - 59% - 60% - 1:46
2 - 41% - 40% - 1:13
PP Defense
1 - 58% - 60% - 1:43
2 - 42% - 40% - 1:16
PK Forward
1 - 68% - 60% - 2:49
2 - 32% - 40% - 1:18
PK Defense
1 - 47% - 60% - 1:56
2 - 53% - 40% - 2:11
PK3 Forward
1 - 0% - 60%
2 - 0% - 40%
PK3 Defense
1 - 0% - 60%
2 - 0% - 40%
44 Forward
1 - 89% - 60% - 1:38
2 - 11% - 40% - 0:12
44 Defense
1 - 67% - 60% - 1:14
2 - 33% - 40% - 0:36
Last Minute Offensive - 0:00
Last Minute Defensive - 0:00
Total
Forward - 60:00
Defense - 60:00
|
Play by Play
1st period
0:01 of 1st period - Evgeni Malkin wins face-off versus Jan Bulis in neutral zone.
0:06 of 1st period - Slapshot by Sergei Gonchar.
0:06 of 1st period - Stopped by Mike Smith without a rebound.
0:07 of 1st period - Jan Bulis wins face-off versus Evgeni Malkin in Red Wings zone.
0:07 of 1st period - Jan Bulis is hit by Alex Tanguay.
0:17 of 1st period - Snap shot by Evgeni Malkin.
0:17 of 1st period - Shot Misses the Net.
0:45 of 1st period - Slapshot by Simon Gagné.
0:45 of 1st period - Shot Blocked by Brian Rafalski.
0:47 of 1st period - Slapshot by Shea Weber.
0:47 of 1st period - Stopped by Marty Turco without a rebound.
0:48 of 1st period - Peter Regin wins face-off versus Mike Richards in Capitals zone.
0:53 of 1st period - Paul Martin is hit by Dennis Wideman and loses puck.
1:00 of 1st period - Snap shot by Jarome Iginla.
1:00 of 1st period - Shot Blocked by Patrick Kane.
1:02 of 1st period - Wrist shot by Jarome Iginla.
1:02 of 1st period - Shot Blocked by Toni Lydman.
1:02 of 1st period - Toni Lydman from Capitals is injured at 1:02 of 1st period (Broken Ribs).
1:03 of 1st period - Brian Sutherby wins face-off versus Evgeni Malkin in Capitals zone.
1:16 of 1st period - Slapshot by Anton Volchenkov.
1:16 of 1st period - Shot Blocked by Brian Sutherby.
1:33 of 1st period - Snap shot by Milan Michalek.
1:33 of 1st period - Deflect By Peter Regin.
1:33 of 1st period - Shot Blocked by Christian Backman.
1:33 of 1st period - Puck is out of play.
1:34 of 1st period - Evgeni Malkin wins face-off versus Mike Richards in Red Wings zone.
2:38 of 1st period - Slapshot by Paul Martin.
2:38 of 1st period - Shot Misses the Net.
2:40 of 1st period - Slapshot by Paul Martin.
2:40 of 1st period - Deflect By Jan Bulis.
2:40 of 1st period - Stopped by Marty Turco without a rebound.
2:41 of 1st period - Brandon Dubinsky wins face-off versus Jan Bulis in Capitals zone.
3:16 of 1st period - Snap shot by Milan Michalek.
3:16 of 1st period - Shot Misses the Net.
3:28 of 1st period - Slapshot by Sergei Gonchar.
3:28 of 1st period - Stopped by Mike Smith with a rebound.
3:30 of 1st period - Slapshot by Sergei Gonchar.
3:30 of 1st period - Stopped by Mike Smith without a rebound.
3:31 of 1st period - Nicklas Backstrom wins face-off versus Brian Sutherby in Red Wings zone.
3:38 of 1st period - Wrist shot by Nicklas Backstrom.
3:38 of 1st period - Shot Misses the Net.
3:40 of 1st period - Wrist shot by Nicklas Backstrom.
3:40 of 1st period - Deflect By Christian Laflamme.
3:40 of 1st period - Shot Misses the Net.
3:40 of 1st period - Puck is out of play.
3:41 of 1st period - Evgeni Malkin wins face-off versus Jan Bulis in Red Wings zone.
4:10 of 1st period - Snap shot by Milan Michalek.
4:10 of 1st period - Shot Misses the Net.
4:47 of 1st period - Icing by Donald Brashear.
4:48 of 1st period - Brian Sutherby wins face-off versus Evgeni Malkin in Red Wings zone.
4:48 of 1st period - Brian Sutherby is hit by Alex Tanguay.
4:54 of 1st period - Alexei Semenov is hit by Simon Gagné and loses puck.
4:55 of 1st period - Alexei Semenov from Capitals is injured at 4:55 of 1st period (Torn Left Knee Ligaments).
4:56 of 1st period - Jan Bulis wins face-off versus Evgeni Malkin in Capitals zone.
5:44 of 1st period - Backhand shot by Milan Michalek.
5:44 of 1st period - Stopped by Mike Smith without a rebound.
5:45 of 1st period - Radek Bonk wins face-off versus Nicklas Backstrom in Red Wings zone.
6:01 of 1st period - Minor Penalty to Brian Rolston for Tripping.
6:02 of 1st period - Evgeni Malkin wins face-off versus Jan Bulis in Capitals zone.
8:01 of 1st period - Penalty to Brian Rolston is over, Brian Rolston is back on ice.
8:10 of 1st period - Wrist shot by Nicklas Backstrom.
8:10 of 1st period - Stopped by Mike Smith with a rebound.
8:12 of 1st period - Snap shot by Brian Rolston.
8:12 of 1st period - Shot Blocked by Maxim Kondratiev.
8:14 of 1st period - Snap shot by Alex Tanguay.
8:14 of 1st period - Stopped by Mike Smith with a rebound.
8:41 of 1st period - Icing by Brian Rafalski.
8:42 of 1st period - Mathieu Dandenault wins face-off versus Nicklas Backstrom in Capitals zone.
9:09 of 1st period - Snap shot by Milan Michalek.
9:09 of 1st period - Stopped by Mike Smith with a rebound.
9:32 of 1st period - Brian Rafalski is hit by Jan Bulis and loses puck.
9:49 of 1st period - Wrist shot by Donald Brashear.
9:49 of 1st period - Shot Misses the Net.
10:07 of 1st period - Jarome Iginla is hit by Anton Volchenkov and loses puck.
10:18 of 1st period - Keith Ballard is hit by Donald Brashear and loses puck.
10:23 of 1st period - Wrist shot by Lubos Bartecko.
10:23 of 1st period - Deflect By Brian Rolston.
10:23 of 1st period - Stopped by Marty Turco with a rebound.
10:25 of 1st period - Wrist shot by Donald Brashear.
10:25 of 1st period - Stopped by Marty Turco with a rebound.
10:27 of 1st period - Slapshot by Kim Johnsson.
10:27 of 1st period - Stopped by Marty Turco without a rebound.
10:28 of 1st period - Jan Bulis wins face-off versus Peter Regin in Capitals zone.
10:29 of 1st period - Snap shot by Alexei Morozov.
10:29 of 1st period - Shot Hit the Post.
10:31 of 1st period - Slapshot by Maxim Kondratiev.
10:31 of 1st period - Shot Blocked by Peter Regin.
10:33 of 1st period - Slapshot by Maxim Kondratiev.
10:33 of 1st period - Stopped by Marty Turco with a rebound.
10:35 of 1st period - Snap shot by Simon Gagné.
10:35 of 1st period - Stopped by Marty Turco without a rebound.
10:36 of 1st period - Jan Bulis wins face-off versus Peter Regin in Capitals zone.
12:01 of 1st period - Evgeni Malkin is hit by Mathieu Dandenault and loses puck.
12:16 of 1st period - Jason Blake is hit by Mike Richards and loses puck.
12:56 of 1st period - Sergei Gonchar is hit by Lubos Bartecko and loses puck.
13:04 of 1st period - Off-side.
13:05 of 1st period - Brian Rolston wins face-off versus Jan Bulis in neutral zone.
13:16 of 1st period - Snap shot by Simon Gagné.
13:16 of 1st period - Stopped by Marty Turco with a rebound.
13:30 of 1st period - Mike Richards is hit by Peter Regin and loses puck.
13:43 of 1st period - Sean Bergenheim is hit by Peter Regin and loses puck.
14:38 of 1st period - Wrist shot by Mike Richards.
14:38 of 1st period - Stopped by Marty Turco without a rebound.
14:39 of 1st period - Peter Regin wins face-off versus Jan Bulis in Capitals zone.
14:55 of 1st period - Minor Penalty to Milan Michalek for Hooking.
14:56 of 1st period - Evgeni Malkin wins face-off versus Jan Bulis in Capitals zone.
15:05 of 1st period - Slapshot by Evgeni Malkin.
15:05 of 1st period - Stopped by Mike Smith with a rebound.
16:16 of 1st period - Jan Bulis is hit by Brian Rafalski and loses puck.
16:41 of 1st period - Anton Volchenkov is hit by Brian Sutherby and loses puck.
16:55 of 1st period - Penalty to Milan Michalek is over, Milan Michalek is back on ice.
17:02 of 1st period - Evgeni Malkin is hit by Radek Bonk and loses puck.
17:11 of 1st period - Slapshot by Peter Schaefer.
17:11 of 1st period - Shot Misses the Net.
17:55 of 1st period - Snap shot by Brian Rolston.
17:55 of 1st period - Stopped by Mike Smith with a rebound.
17:57 of 1st period - Snap shot by Sergei Gonchar.
17:57 of 1st period - Stopped by Mike Smith with a rebound.
18:17 of 1st period - Wrist shot by Peter Schaefer.
18:17 of 1st period - Stopped by Marty Turco with a rebound.
18:19 of 1st period - Slapshot by Christian Laflamme.
18:19 of 1st period - Shot Misses the Net.
18:29 of 1st period - Christian Backman is hit by Sergei Gonchar.
19:06 of 1st period - Minor Penalty to Mathieu Dandenault for Hooking.
19:07 of 1st period - Evgeni Malkin wins face-off versus Radek Bonk in Red Wings zone.
19:10 of 1st period - Snap shot by Evgeni Malkin.
19:10 of 1st period - Stopped by Mike Smith without a rebound.
19:11 of 1st period - Radek Bonk wins face-off versus Evgeni Malkin in Red Wings zone.
19:26 of 1st period - Slapshot by Shea Weber.
19:26 of 1st period - Deflect By Radek Bonk.
19:26 of 1st period - Stopped by Marty Turco with a rebound.
19:38 of 1st period - Wrist shot by Milan Michalek.
19:38 of 1st period - Goal by Milan Michalek - Red Wings : 0 - Capitals : 1.
19:39 of 1st period - Evgeni Malkin wins face-off versus Jan Bulis in neutral zone.
19:42 of 1st period - Wrist shot by Alexei Morozov.
19:42 of 1st period - Stopped by Marty Turco without a rebound.
19:43 of 1st period - Evgeni Malkin wins face-off versus Jan Bulis in Capitals zone.
19:48 of 1st period - Brian Rafalski is hit by Alexei Morozov and loses puck.
2nd period
0:01 of 2nd period - Evgeni Malkin wins face-off versus Jan Bulis in neutral zone.
0:04 of 2nd period - Simon Gagné is hit by Evgeni Malkin and loses puck.
0:13 of 2nd period - Snap shot by Alexei Morozov.
0:13 of 2nd period - Shot Misses the Net.
0:15 of 2nd period - Slapshot by Shea Weber.
0:15 of 2nd period - Stopped by Marty Turco without a rebound.
0:16 of 2nd period - Mike Richards wins face-off versus Peter Regin in Capitals zone.
0:48 of 2nd period - Slapshot by Dennis Wideman.
0:48 of 2nd period - Stopped by Mike Smith without a rebound.
0:49 of 2nd period - Jan Bulis wins face-off versus Evgeni Malkin in Red Wings zone.
0:54 of 2nd period - Dennis Wideman is hit by Alexei Morozov and loses puck.
1:43 of 2nd period - Off-side.
1:44 of 2nd period - Nicklas Backstrom wins face-off versus Jan Bulis in neutral zone.
1:57 of 2nd period - Slapshot by Sergei Gonchar.
1:57 of 2nd period - Stopped by Mike Smith without a rebound.
1:58 of 2nd period - Evgeni Malkin wins face-off versus Jan Bulis in Red Wings zone.
2:09 of 2nd period - Snap shot by Alex Tanguay.
2:09 of 2nd period - Stopped by Mike Smith with a rebound.
2:33 of 2nd period - Minor Penalty to Sean Bergenheim for Hooking.
2:34 of 2nd period - Evgeni Malkin wins face-off versus Radek Bonk in Red Wings zone.
3:40 of 2nd period - Slapshot by Donald Brashear.
3:40 of 2nd period - Shot Misses the Net.
4:00 of 2nd period - Patrick Kane is hit by Jarome Iginla and loses puck.
4:33 of 2nd period - Penalty to Sean Bergenheim is over, Sean Bergenheim is back on ice.
4:35 of 2nd period - Sean Bergenheim is hit by Dennis Wideman and loses puck.
5:56 of 2nd period - Keith Ballard is hit by Shea Weber and loses puck.
6:11 of 2nd period - Keith Ballard is hit by Jan Bulis and loses puck.
6:37 of 2nd period - Donald Brashear is hit by Jason Blake and loses puck.
6:44 of 2nd period - Brian Rolston is hit by Lubos Bartecko and loses puck.
6:55 of 2nd period - Jan Bulis is hit by Evgeni Malkin and loses puck.
7:08 of 2nd period - Christian Backman is hit by Brandon Dubinsky and loses puck.
7:32 of 2nd period - Christian Laflamme is hit by Patrick Kane and loses puck.
9:06 of 2nd period - Milan Michalek is hit by Radek Bonk and loses puck.
9:42 of 2nd period - Icing by Mike Richards.
9:43 of 2nd period - Peter Regin wins face-off versus Mike Richards in Red Wings zone.
9:48 of 2nd period - Snap shot by Evgeni Malkin.
9:48 of 2nd period - Deflect By Alex Tanguay.
9:48 of 2nd period - Stopped by Mike Smith without a rebound.
9:49 of 2nd period - Evgeni Malkin wins face-off versus Jan Bulis in Red Wings zone.
9:50 of 2nd period - Snap shot by Alex Tanguay.
9:50 of 2nd period - Shot Misses the Net.
10:14 of 2nd period - Sergei Gonchar is hit by Lubos Bartecko and loses puck.
11:05 of 2nd period - Slapshot by Milan Michalek.
11:05 of 2nd period - Deflect By Patrick Kane.
11:05 of 2nd period - Shot Blocked by Jan Bulis.
11:05 of 2nd period - Puck is out of play.
11:06 of 2nd period - Jan Bulis wins face-off versus Peter Regin in Red Wings zone.
11:50 of 2nd period - Nicklas Backstrom is hit by Paul Martin and loses puck.
12:03 of 2nd period - Brandon Dubinsky is hit by Donald Brashear and loses puck.
13:30 of 2nd period - Icing by Mathieu Dandenault.
13:31 of 2nd period - Radek Bonk wins face-off versus Brandon Dubinsky in Red Wings zone.
13:31 of 2nd period - Radek Bonk is hit by Sergei Gonchar.
14:13 of 2nd period - Jason Blake is hit by Shea Weber and loses puck.
15:00 of 2nd period - Mathieu Dandenault is hit by Patrick Kane and loses puck.
15:11 of 2nd period - Nicklas Backstrom is hit by Sean Bergenheim and loses puck.
15:35 of 2nd period - Brian Sutherby is hit by Sergei Gonchar and loses puck.
15:46 of 2nd period - Patrick Kane is hit by Jan Bulis and loses puck.
16:03 of 2nd period - Wrist shot by Radek Bonk.
16:03 of 2nd period - Deflect By Peter Schaefer.
16:03 of 2nd period - Shot Misses the Net.
16:03 of 2nd period - Puck is out of play.
16:04 of 2nd period - Peter Regin wins face-off versus Peter Schaefer in Capitals zone.
16:09 of 2nd period - Christian Backman is hit by Sergei Gonchar.
16:13 of 2nd period - Brian Rafalski is hit by Mathieu Dandenault and loses puck.
16:24 of 2nd period - Snap shot by Peter Schaefer.
16:24 of 2nd period - Shot Misses the Net.
16:52 of 2nd period - Backhand shot by Mathieu Dandenault.
16:52 of 2nd period - Stopped by Marty Turco without a rebound.
16:53 of 2nd period - Jan Bulis wins face-off versus Evgeni Malkin in Capitals zone.
17:21 of 2nd period - Shea Weber is hit by Anton Volchenkov and loses puck.
17:45 of 2nd period - Slapshot by Lubos Bartecko.
17:45 of 2nd period - Shot Misses the Net.
17:47 of 2nd period - Slapshot by Paul Martin.
17:47 of 2nd period - Deflect By Donald Brashear.
17:47 of 2nd period - Stopped by Marty Turco without a rebound.
17:48 of 2nd period - Nicklas Backstrom wins face-off versus Jan Bulis in Capitals zone.
18:25 of 2nd period - Snap shot by Mike Richards.
18:25 of 2nd period - Deflect By Patrick Kane.
18:25 of 2nd period - Shot Blocked by Sergei Gonchar.
18:25 of 2nd period - Puck is out of play.
18:26 of 2nd period - Peter Regin wins face-off versus Brian Sutherby in Capitals zone.
18:39 of 2nd period - Backhand shot by Patrick Kane.
18:39 of 2nd period - Stopped by Mike Smith with a rebound.
18:41 of 2nd period - Wrist shot by Keith Ballard.
18:41 of 2nd period - Shot Blocked by Shea Weber.
19:02 of 2nd period - Slapshot by Donald Brashear.
19:02 of 2nd period - Deflect By Brian Sutherby.
19:02 of 2nd period - Goal by Brian Sutherby - Red Wings : 1 - Capitals : 1.
19:03 of 2nd period - Simon Gagné wins face-off versus Alex Tanguay in neutral zone.
19:44 of 2nd period - Wrist shot by Alexei Morozov.
19:44 of 2nd period - Stopped by Marty Turco without a rebound.
19:45 of 2nd period - Evgeni Malkin wins face-off versus Mike Richards in Capitals zone.
19:45 of 2nd period - Evgeni Malkin is hit by Jarome Iginla.
3rd period
0:01 of 3rd period - Alexei Morozov wins face-off versus Evgeni Malkin in neutral zone.
0:16 of 3rd period - Wrist shot by Jan Bulis.
0:16 of 3rd period - Shot Misses the Net.
0:36 of 3rd period - Wrist shot by Patrick Kane.
0:36 of 3rd period - Deflect By Peter Regin.
0:36 of 3rd period - Shot Misses the Net.
0:36 of 3rd period - Puck is out of play.
0:37 of 3rd period - Evgeni Malkin wins face-off versus Jan Bulis in Red Wings zone.
0:40 of 3rd period - Snap shot by Alex Tanguay.
0:40 of 3rd period - Stopped by Mike Smith without a rebound.
0:41 of 3rd period - Jan Bulis wins face-off versus Evgeni Malkin in Red Wings zone.
1:12 of 3rd period - Slapshot by Sean Bergenheim.
1:12 of 3rd period - Shot Misses the Net.
1:14 of 3rd period - Snap shot by Sean Bergenheim.
1:14 of 3rd period - Stopped by Marty Turco without a rebound.
1:15 of 3rd period - Evgeni Malkin wins face-off versus Mike Richards in Capitals zone.
1:26 of 3rd period - Snap shot by Alex Tanguay.
1:26 of 3rd period - Stopped by Mike Smith with a rebound.
2:42 of 3rd period - Wrist shot by Sean Bergenheim.
2:42 of 3rd period - Shot Misses the Net.
2:44 of 3rd period - Wrist shot by Sean Bergenheim.
2:44 of 3rd period - Shot Blocked by Sergei Gonchar.
2:46 of 3rd period - Snap shot by Mike Richards.
2:46 of 3rd period - Stopped by Marty Turco with a rebound.
2:48 of 3rd period - Slapshot by Mike Richards.
2:48 of 3rd period - Deflect By Jarome Iginla.
2:48 of 3rd period - Shot Misses the Net.
2:48 of 3rd period - Puck is out of play.
2:49 of 3rd period - Evgeni Malkin wins face-off versus Jan Bulis in Capitals zone.
4:23 of 3rd period - Peter Regin is hit by Jan Bulis and loses puck.
5:01 of 3rd period - Christian Backman is hit by Nicklas Backstrom and loses puck.
5:27 of 3rd period - Anton Volchenkov is hit by Lubos Bartecko and loses puck.
5:58 of 3rd period - Donald Brashear is hit by Milan Michalek and loses puck.
6:11 of 3rd period - Slapshot by Patrick Kane.
6:11 of 3rd period - Stopped by Mike Smith without a rebound.
6:12 of 3rd period - Jan Bulis wins face-off versus Evgeni Malkin in Red Wings zone.
6:23 of 3rd period - Snap shot by Jan Bulis.
6:23 of 3rd period - Shot Blocked by Brian Rafalski.
6:25 of 3rd period - Slapshot by Alexei Morozov.
6:25 of 3rd period - Stopped by Marty Turco without a rebound.
6:26 of 3rd period - Evgeni Malkin wins face-off versus Mike Richards in Capitals zone.
6:39 of 3rd period - Snap shot by Evgeni Malkin.
6:39 of 3rd period - Goal by Evgeni Malkin - Red Wings : 1 - Capitals : 2.
6:40 of 3rd period - Evgeni Malkin wins face-off versus Jan Bulis in neutral zone.
6:51 of 3rd period - Snap shot by Alex Tanguay.
6:51 of 3rd period - Stopped by Mike Smith without a rebound.
6:52 of 3rd period - Jan Bulis wins face-off versus Evgeni Malkin in Red Wings zone.
7:42 of 3rd period - Snap shot by Nicklas Backstrom.
7:42 of 3rd period - Shot Blocked by Lubos Bartecko.
7:44 of 3rd period - Wrist shot by Nicklas Backstrom.
7:44 of 3rd period - Stopped by Mike Smith with a rebound.
7:46 of 3rd period - Slapshot by Keith Ballard.
7:46 of 3rd period - Stopped by Mike Smith with a rebound.
7:48 of 3rd period - Wrist shot by Jason Blake.
7:48 of 3rd period - Shot Blocked by Shea Weber.
8:00 of 3rd period - Wrist shot by Ales Hemsky.
8:00 of 3rd period - Stopped by Mike Smith with a rebound.
8:06 of 3rd period - Shea Weber is hit by Ales Hemsky and loses puck.
8:24 of 3rd period - Icing by Simon Gagné.
8:25 of 3rd period - Evgeni Malkin wins face-off versus Jan Bulis in Red Wings zone.
8:30 of 3rd period - Slapshot by Alex Tanguay.
8:30 of 3rd period - Shot Misses the Net.
8:40 of 3rd period - Wrist shot by Paul Martin.
8:40 of 3rd period - Shot Blocked by Sergei Gonchar.
8:42 of 3rd period - Wrist shot by Simon Gagné.
8:42 of 3rd period - Shot Misses the Net.
8:44 of 3rd period - Snap shot by Simon Gagné.
8:44 of 3rd period - Stopped by Marty Turco without a rebound.
8:45 of 3rd period - Peter Regin wins face-off versus Mike Richards in Capitals zone.
8:45 of 3rd period - Peter Regin is hit by Mike Richards.
8:50 of 3rd period - Minor Penalty to Christian Laflamme for Tripping.
8:51 of 3rd period - Evgeni Malkin wins face-off versus Radek Bonk in Red Wings zone.
8:52 of 3rd period - Snap shot by Alex Tanguay.
8:52 of 3rd period - Shot Misses the Net.
9:04 of 3rd period - Snap shot by Corey Perry.
9:04 of 3rd period - Goal by Corey Perry - Red Wings : 1 - Capitals : 3.
9:05 of 3rd period - Evgeni Malkin wins face-off versus Jarome Iginla in neutral zone.
9:08 of 3rd period - Slapshot by Sergei Gonchar.
9:08 of 3rd period - Stopped by Mike Smith with a rebound.
9:10 of 3rd period - Slapshot by Sergei Gonchar.
9:10 of 3rd period - Stopped by Mike Smith with a rebound.
9:12 of 3rd period - Backhand shot by Brian Rafalski.
9:12 of 3rd period - Shot Blocked by Kim Johnsson.
9:14 of 3rd period - Slapshot by Brian Rafalski.
9:14 of 3rd period - Stopped by Mike Smith without a rebound.
9:15 of 3rd period - Evgeni Malkin wins face-off versus Mike Richards in Red Wings zone.
10:22 of 3rd period - Brian Rafalski is hit by Sean Bergenheim.
10:41 of 3rd period - Off-side.
10:42 of 3rd period - Peter Regin wins face-off versus Alexei Morozov in neutral zone.
10:51 of 3rd period - Snap shot by Patrick Kane.
10:51 of 3rd period - Shot Blocked by Maxim Kondratiev.
10:53 of 3rd period - Wrist shot by Patrick Kane.
10:53 of 3rd period - Stopped by Mike Smith without a rebound.
10:54 of 3rd period - Patrick Kane wins face-off versus Jan Bulis in Red Wings zone.
10:55 of 3rd period - Backhand shot by Peter Regin.
10:55 of 3rd period - Stopped by Mike Smith without a rebound.
10:56 of 3rd period - Peter Regin wins face-off versus Jan Bulis in Red Wings zone.
11:03 of 3rd period - Slapshot by Alexei Morozov.
11:03 of 3rd period - Shot Blocked by Milan Michalek.
11:11 of 3rd period - Anton Volchenkov is hit by Maxim Kondratiev and loses puck.
11:57 of 3rd period - Minor Penalty to Milan Michalek for Roughing.
11:58 of 3rd period - Mike Richards wins face-off versus Evgeni Malkin in Capitals zone.
12:06 of 3rd period - Minor Penalty to Shea Weber for Holding.
12:07 of 3rd period - Alex Tanguay wins face-off versus Jan Bulis in Red Wings zone.
12:11 of 3rd period - Minor Penalty to Kim Johnsson for Hooking.
12:12 of 3rd period - Evgeni Malkin wins face-off versus Radek Bonk in Red Wings zone.
12:27 of 3rd period - Maxim Kondratiev is hit by Sergei Gonchar and loses puck.
12:54 of 3rd period - Wrist shot by Radek Bonk.
12:54 of 3rd period - Stopped by Marty Turco with a rebound.
13:00 of 3rd period - Slapshot by Christian Backman.
13:00 of 3rd period - Stopped by Marty Turco with a rebound.
13:02 of 3rd period - Slapshot by Christian Backman.
13:02 of 3rd period - Stopped by Marty Turco without a rebound.
13:03 of 3rd period - Alex Tanguay wins face-off versus Radek Bonk in Capitals zone.
13:41 of 3rd period - Off-side.
13:42 of 3rd period - Evgeni Malkin wins face-off versus Peter Schaefer in neutral zone.
13:57 of 3rd period - Penalty to Milan Michalek is over, Milan Michalek is back on ice.
14:06 of 3rd period - Penalty to Shea Weber is over, Shea Weber is back on ice.
14:07 of 3rd period - Snap shot by Patrick Kane.
14:07 of 3rd period - Shot Misses the Net.
14:11 of 3rd period - Penalty to Kim Johnsson is over, Kim Johnsson is back on ice.
14:11 of 3rd period - Slapshot by Patrick Kane.
14:11 of 3rd period - Shot Misses the Net.
14:13 of 3rd period - Snap shot by Anton Volchenkov.
14:13 of 3rd period - Shot Misses the Net.
14:23 of 3rd period - Mike Richards is hit by Jason Blake and loses puck.
14:47 of 3rd period - Christian Laflamme is hit by Milan Michalek and loses puck.
16:32 of 3rd period - Peter Regin is hit by Sean Bergenheim and loses puck.
17:05 of 3rd period - Dennis Wideman is hit by Peter Schaefer.
17:30 of 3rd period - Off-side.
17:31 of 3rd period - Evgeni Malkin wins face-off versus Jan Bulis in neutral zone.
17:38 of 3rd period - Wrist shot by Evgeni Malkin.
17:38 of 3rd period - Shot Blocked by Alexei Morozov.
18:00 of 3rd period - Paul Martin is hit by Jason Blake and loses puck.
18:23 of 3rd period - Slapshot by Jarome Iginla.
18:23 of 3rd period - Shot Misses the Net.
18:35 of 3rd period - Alexei Morozov is hit by Evgeni Malkin and loses puck.
19:25 of 3rd period - Icing by Christian Backman.
19:26 of 3rd period - Jason Blake wins face-off versus Jarome Iginla in Red Wings zone.
Output by the SimonT Hockey Simulator (STHS) for François Prévost -- Original Page W3C XHTML 1.0 Valid